Map: Galactic Process LE

Players

Rihannna

  • Race: Terran Terran
  • League: Silver
  • Spawn Location: 1:00

Fropez - Winner!

  • Race: Protoss Protoss
  • League: Gold
  • Spawn Location: 7:00

VOD

Have the link to the VOD?

Description

Time

  • Played on: Sept. 22, 2016, 5:29 p.m.
  • Length: 18:27
Show
View Real Time Build Order
Export as new Build Order

Rihannna Terran 

Build Orders: MMM Bio 

Get SALT Encoding   

  12  0:07  SCV  
  13  0:20  Supply Depot  
  13  0:21  SCV  
  14  0:33  SCV  
  15  0:45  Barracks  
  15  0:46  SCV  
  16  0:58  SCV  
  17  1:10  SCV  
  18  1:22  SCV  
  19  1:26  Supply Depot  
  19  1:33  Barracks  
  19  1:34  SCV  
  19  1:36  Refinery  
  20  1:46  SCV  
  21  1:48  Refinery  
  21  1:51  Supply Depot  
  21  1:59  SCV  
  22  2:11  SCV  
  22  2:13  Supply Depot  
  23  2:22  Barracks  
  23  2:23  SCV  
  24  2:30  Command Center  
  24  2:34  Barracks Tech Lab  
  24  2:35  Barracks Reactor  
  24  2:45  Orbital Command  
  24  3:11  Barracks  
  24  3:19  Barracks Tech Lab  
  24  3:20  Marine x2, Marauder  
  28  3:28  SCV  
  29  3:40  SCV  
  30  3:42  Orbital Command  
  30  3:55  Command Center  
  30  4:00  Barracks Reactor  
  30  4:07  Marauder x2  
  30  4:09  Marine  
  34  4:10  Marine  
  35  4:39  Command Center  
  35  4:42  Marine x2  
  35  4:43  Marine x2  
  35  4:44  Marauder  
  40  4:50  Marauder  
  42  4:55  SCV  
  42  4:56  SCV  
  44  5:09  Orbital Command  
  44  5:12  Marine x3  
  44  5:13  Marine  
  48  5:26  SCV  
  49  5:33  Supply Depot  
  49  5:35  Barracks  
  49  5:38  SCV  
  49  5:40  Stimpack  
  49  5:41  Combat Shields  
  50  5:44  Marauder x2  
  50  5:45  Marine x2  
  56  5:50  SCV  
  56  5:51  SCV  
  56  5:56  SCV  
  59  6:03  SCV  
  60  6:08  SCV  
  61  6:11  Orbital Command  
  61  6:15  SCV  
  61  6:16  SCV  
  63  6:21  SCV  
  64  6:26  Barracks Tech Lab  
  64  6:27  SCV  
  64  6:28  SCV  
  64  6:29  Barracks  
  64  6:30  Marine, Marauder x2  
  71  6:33  SCV  
  71  6:39  SCV  
  73  6:40  SCV  
  73  6:44  Supply Depot  
  73  6:45  SCV  
  75  6:49  Engineering Bay  
  75  6:50  Engineering Bay  
  75  6:51  SCV  
  75  6:52  SCV, Concussive Shells  
  77  6:54  Marine  
  77  6:55  Marine, Marauder x2  
  77  6:57  SCV  
  77  6:58  SCV  
  84  7:03  SCV  
  83  7:09  SCV  
  83  7:10  SCV  
  83  7:15  SCV  
  85  7:19  Barracks Reactor  
  85  7:20  Barracks  
  85  7:21  SCV  
  85  7:22  Marine x2, Marauder  
  90  7:23  Marine x2, Marauder x2  
  90  7:27  SCV  
  94  7:40  Marine  
  99  7:44  Marauder x2  
  99  7:52  Barracks x2  
  99  7:53  Orbital Command  
  99  7:59  Barracks  
  99  8:00  Barracks  
  99  8:04  Supply Depot  
  99  8:14  Supply Depot  
  99  8:16  Supply Depot  
  99  8:19  Terran Infantry Weapons Level 1, Terran Infantry Armor Level 1  
  99  8:22  Barracks Reactor  
  99  8:28  Barracks  
  99  8:54  Supply Depot  
  99  8:55  Command Center  
  99  8:56  Supply Depot  
  99  8:58  Supply Depot  
  99  8:59  Supply Depot  
  99  9:00  Barracks Reactor x2  
  99  9:01  Barracks Tech Lab x2  
  99  9:02  Supply Depot  
  99  9:03  Supply Depot  
  99  9:05  Command Center  
  99  9:06  Supply Depot  
  99  9:08  Marine  
  99  9:09  Marine x4, Marauder x2  
  107  9:10  Marine x3  
  107  9:12  SCV  
  107  9:15  Refinery  
  111  9:25  SCV  
  111  9:26  Marine x2  
  111  9:30  Marauder  
  111  9:31  Marauder  
  114  9:37  SCV  
  108  9:49  SCV  
  108  9:52  Marauder x2  
  95  10:05  Barracks Reactor  
  93  10:10  Barracks  
  93  10:11  Supply Depot  
  93  10:13  Supply Depot, Marauder x2  
  97  10:16  Supply Depot  
  97  10:30  Orbital Command  
  97  10:38  Factory  
  97  10:42  Orbital Command  
  97  10:46  Refinery  
  95  11:18  Barracks Tech Lab  
  77  11:57  Orbital Command  
  77  12:11  Factory Tech Lab  
  77  12:22  Orbital Command  
  76  13:04  Marine  
  76  13:05  Marine x3, Marauder x3, Barracks  
  86  13:06  Marine x2, Marauder  
  86  13:07  Marine x4, Marauder x2  
  86  13:08  Marine x2  
  91  13:22  Marine  
  91  13:23  Marine x2  
  91  13:26  Marauder x2  
  91  13:27  Marauder x2  
  91  13:28  Marauder x2  
  84  13:35  Marine x2  
  70  13:48  Marauder  
  53  13:52  Marine x2  
  53  13:53  Marine x2, Marauder x2  
  46  14:35  Orbital Command  
  46  14:52  SCV  
  46  15:05  SCV  
  47  15:27  Marine  
  47  15:28  Marine x4, Marauder x2  
  53  15:29  Marauder x3  
  52  15:44  Orbital Command  
  45  16:04  Orbital Command  
  45  16:05  Orbital Command  
  45  16:31  SCV  
  46  16:35  SCV  
  47  16:43  SCV  
  48  16:47  SCV  
  49  16:55  SCV  
  49  16:59  SCV  
  51  17:07  SCV  
  52  17:11  SCV  
  51  17:19  SCV  
  37  17:23  SCV  
  37  17:29  Marine  
  14  17:30  Marine x4, Marauder x3  
  14  17:31  Marine x3, Marauder x2  
  14  17:32  Marine  
  14  17:33  Marine x3  
  34  17:38  SCV  
  34  17:40  SCV  
  34  17:43  SCV  
  37  17:47  Marine x2  
  37  17:48  Marine x2  
  43  17:51  Marauder x2  
  43  17:52  SCV, Marauder x3  
  47  18:06  Marine x3  
Show
View Real Time Build Order
Export as new Build Order

Fropez Protoss - Winner!

Build Orders: 1 Gate Expand 

Get SALT Encoding   

  12  0:01  Probe (Chrono Boost)  
  13  0:11  Probe (Chrono Boost)  
  14  0:17  Pylon  
  14  0:22  Probe (Chrono Boost)  
  15  0:36  Probe (Chrono Boost)  
  15  0:38  Gateway  
  16  0:46  Probe (Chrono Boost)  
  17  1:09  Nexus  
  17  1:15  Assimilator  
  17  1:26  Probe (Chrono Boost)  
  17  1:30  Cybernetics Core  
  18  1:37  Probe (Chrono Boost)  
  19  1:48  Probe (Chrono Boost)  
  20  1:58  Probe (Chrono Boost)  
  21  2:08  Warp Gate (Chrono Boost)  
  21  2:09  Pylon  
  21  2:11  Pylon x2  
  21  2:17  Assimilator  
  21  2:21  Probe x2  
  23  2:33  Probe  
  23  2:35  Pylon  
  24  2:37  Adept, Assimilator  
  24  2:40  Probe  
  27  2:46  Probe  
  28  2:53  Probe  
  28  2:54  Pylon  
  29  3:13  Twilight Council, Adept  
  31  3:23  Gateway  
  31  3:25  Probe  
  32  3:29  Mothership Core  
  34  3:54  Probe x2  
  34  3:55  Gateway  
  36  4:06  Probe  
  36  4:08  Pylon  
  36  4:09  Probe  
  37  4:15  Blink (Chrono Boost)  
  37  4:29  Robotics Facility  
  37  4:30  Probe  
  37  4:31  Pylon, Probe  
  37  4:40  Stalker  
  37  4:50  Probe  
  37  4:51  Probe  
  39  4:57  Stalker  
  41  5:01  Probe  
  41  5:03  Probe  
  41  5:04  Adept  
  45  5:12  Stalker  
  47  5:14  Probe  
  47  5:15  Probe  
  49  5:23  Stalker  
  49  5:27  Probe  
  50  5:30  Adept, Pylon  
  52  5:39  Immortal (Chrono Boost)  
  52  5:42  Adept  
  58  5:51  Probe  
  58  5:52  Probe  
  60  5:57  Adept  
  60  5:58  Adept  
  64  6:12  Probe  
  64  6:13  Probe  
  66  6:21  Immortal (Chrono Boost)  
  66  6:22  Resonating Glaives (Chrono Boost)  
  66  6:25  Forge  
  70  6:32  Assimilator  
  70  6:40  Gateway  
  70  6:42  Gateway, Stalker x2  
  70  6:44  Stalker  
  70  6:45  Probe  
  77  6:47  Probe  
  78  7:08  Adept x3  
  84  7:20  Immortal  
  86  7:35  Adept x3  
  90  7:37  Adept x2  
  94  8:05  Pylon  
  94  8:07  Pylon  
  94  8:16  Pylon  
  94  8:17  Warp Prism  
  94  8:20  Pylon  
  94  8:23  Probe x2, Protoss Ground Weapons Level 1 (Chrono Boost)  
  98  8:35  Pylon  
  98  8:36  Adept x3  
  104  8:52  Pylon  
  104  9:06  Zealot  
  104  9:07  Nexus  
  104  9:09  Adept x4  
  110  9:56  Adept x5  
  114  10:20  Adept x3  
  114  10:21  Adept x2  
  124  10:32  Immortal  
  124  10:36  Protoss Ground Weapons Level 2 (Chrono Boost)  
  128  10:51  Adept  
  128  10:52  Adept x4  
  124  12:04  Immortal  
  120  12:12  Adept x2  
  120  12:13  Adept x3  
  134  12:20  Gateway  
  134  12:22  Gateway  
  134  12:24  Gateway  
  134  12:27  Gateway  
  134  12:28  Gateway  
  134  12:30  Gateway  
  134  12:33  Gateway  
  134  12:34  Protoss Ground Armor Level 1 (Chrono Boost)  
  134  12:35  Gateway  
  134  12:38  Pylon  
  134  12:44  Pylon  
  134  12:46  Pylon  
  134  12:49  Immortal  
  134  12:51  Adept x5  
  143  13:14  Adept x3  
  143  13:15  Adept x2  
  145  13:26  Adept, Observer  
  145  13:27  Adept x3  
  126  13:47  Probe  
  123  13:55  Stalker  
  123  13:56  Stalker x5  
  123  13:57  Stalker x5  
  135  14:20  Stalker  
  135  14:21  Stalker x4  
  135  14:22  Stalker x2  
  131  14:31  Probe  
  131  14:33  Probe x2  
  126  14:39  Assimilator  
  126  14:40  Dark Shrine  
  126  14:43  Assimilator  
  124  15:06  Nexus  
  120  15:40  Charge  
  120  15:41  Protoss Ground Armor Level 2 (Chrono Boost)  
  120  15:42  Probe x2  
  112  15:48  Stalker x5  
  112  15:49  Stalker x4  
  114  15:56  Probe  
  110  15:57  Probe  
  110  15:58  Probe  
  113  16:09  Probe x2  
  113  16:10  Probe  
  116  16:22  Nexus  
  116  16:25  Pylon, Assimilator  
  116  16:27  Pylon, Assimilator  
  116  16:30  Pylon  
  116  16:32  Pylon  
  116  16:33  Gateway  
  116  16:37  Adept x4  
  116  16:38  Adept x3  
  130  16:46  Probe x2  
  132  16:50  Assimilator  
  132  16:53  Assimilator  
  123  17:09  Adept x4  
  123  17:10  Adept x5  
  123  17:40  Probe  
  123  17:42  Probe x2  
  126  17:45  Probe  
  126  17:51  Probe  
  127  17:54  Pylon, Probe x2  
  127  17:56  Probe  
  131  18:10  Adept x4  
  131  18:11  Adept x5  
Tags
 
Composition
MMM Bio
Matchup
PvT
Replay Pack
All Mines
Spawn Locations
Cross Positions
Add a new tag
Caveats
  • Supply blocks, unpowered buildings, or Contaminate may cause inaccurate times.
  • Supply counts are checked every 10 seconds.